[Event "44th Chess Olympiad Women 2022"]
[Site "Chennai"]
[Date "2022.08.06"]
[Round "8.3"]
[White "Karavade, Eesha"]
[Black "Kashlinskaya, Alina"]
[Result "1/2-1/2"]
[WhiteElo "2339"]
[BlackElo "2505"]
[Annotator "TA"]
[PlyCount "67"]
[EventDate "2022.??.??"]
[TimeControl "60"]

1. d4 Nf6 2. Nf3 d5 3. Bf4 c5 4. e3 Nc6 5. Nbd2 Bg4 6.
c3 e6 7. Qb3 {[%emt 0:02:39] D02:1 d4 d5 2
Nf3 sidelines, including 2...Nf6 3 g3 and 2...Nf6 3 Bf4.} Qc8 8. h3 Bh5 9. Be2 Be7 10. dxc5 {[%emt 0:01:44] [#]} O-O $146 ({
Predecessor:} 10... Bxc5 11. g4 Bg6 12. Nh4 Qd7 13. Nxg6 hxg6 14. g5 Nh5 15.
Bh2 a6 16. O-O-O b5 {1-0 (61) Giri,A (2761)-Tari,A (2654) Stavanger 2022}) 11.
Qa3 a5 12. Bd6 Bxd6 13. cxd6 Rd8 14. O-O Ne4 {[%emt 0:03:59] [#] And now ...Nxd2 would win.} 15. g4 Bg6 16. Nxe4 Bxe4 17. Nd2 Bg6 18. c4 Nb4 {[%emt 0:01:59] White must now prevent ...Nc2.} 19. Rac1 $36 {[%emt 0:00:
00] Threatens to win with cxd5. White fights for an advantage.} Rxd6 20. cxd5 Qd8 21. Nc4 Rxd5 {[%emt 0:00:11] [#] Strongly threatening ...Bd3.} 22. Bf3 Rd3 ({Better is} 22... Rc5 $11 23. Rcd1 (23. Bxb7 Rb8 $15)
23... Qg5) 23. Qa4 $14 Nd5 (23... Rb8 $14 24.
Qxa5 (24. Nxa5 Nd5 $14) 24... Qxa5 25. Nxa5 Nxa2) 24. Ne5 $16 (24. Qb5 {with more complications.} h5 25. Ne5 Qf6 26. Nxg6 Qxg6 27. Qxb7 Rf8
28. Rc8) 24... Rd2 25. Nxg6 (25. Qb5 $16)
25... hxg6 $11 26. Rc2 Rxc2 (26... b5 $5 27. Qe4 Rxc2 28. Qxc2 Rc8 $11) 27. Qxc2 Rc8 28. Qb3 b6 29. Rd1 {[%emt 0:
01:49] aiming for e4.} Qf6 30. Kg2 Rc5 31. Bxd5 {[%emt 0:01:32] The position is equal.} exd5 32. Rxd5 Rxd5 33. Qxd5 Qxb2 34. a4 {[%emt 0:00:31] Weighted Error Value:
White=0.07 (flawless) /Black=0.08 (flawless)} 1/2-1/2

[Event "44th Chess Olympiad Women 2022"]
[Site "Chennai"]
[Date "2022.08.06"]
[Round "8.3"]
[White "Kiolbasa, Oliwia"]
[Black "Nandhidhaa, P V.."]
[Result "1-0"]
[WhiteElo "2376"]
[BlackElo "2312"]
[Annotator "TA"]
[PlyCount "96"]
[EventDate "2022.??.??"]
[TimeControl "60"]

1. e4 d5 2. exd5 Qxd5 3. Nc3 Qd8 4. d4 Nf6 5. Nf3 e6 6. Bd3 c5 {
[%emt 0:07:56] B01: Scandinavian Defence.} 7. O-O cxd4 {
[%emt 0:02:44] [#]} 8. Nxd4 Be7 {[%emt 0:00:53]
White is slightly better.} 9. Be3 O-O 10. Qf3 Nbd7 11. Qg3 {[%emt 0:02:46] Prevents Ne5.}
Nc5 12. Rad1 (12. Bh6
Nh5 13. Qg4 Nxd3 14. cxd3 f5 $1 15. Qxh5 Qxd4 $11) 12... Nxd3 13. Rxd3 $40 {[%emt 0:00:10] [#] White is up to no good.} Qa5 $146 ({Predecessor:} 13... Bd6 14. Qf3 Bd7 15. Bg5 Be7 16. Qxb7 Rb8 17. Qxa7
Ra8 18. Qb7 Rb8 19. Qf3 Rxb2 {1-0 (39) Lebedev,A (1659)-Sandocal,U (1765) LSS
email 2016}) 14. Rfd1 Qh5 15. Ndb5 $1 Ng4 (15... b6 $16 {might work better.}) 16.
Nc7 $18 ({Not} 16. Nxa7 Nxe3 17. Nxc8 (17. Qxe3 $2 Bc5 $19)
17... Raxc8 $11) (16. Bxa7 Rxa7 $1 17. Qh3 (17. Nxa7 Bh4 $17) 17... Qxh3 18.
gxh3 Nxf2 $1 19. Kxf2 Ra6 $17) 16... Bh4 17. Qd6 (17. Qh3 $1 $18 {and the rest is easy.} e5 18. Rd8 (18. Nxa8 Nxf2 19. Qxh4
Qxh4 $16) 18... Rxd8 19. Rxd8+ Bxd8 20. Qxh5 Bxc7 21. Ne4) 17... Nxe3 $16 18. Rxe3 Rb8 {[%emt 0:01:35][%cal Yc8d7] [#]}
19. N7d5 $1 {[%emt 0:07:11] Threatens to win with Nf4. White is much more
active. The black rooks are badly placed.} Ra8 20. Ne7+ Bxe7 21. Qxe7 {[%emt 0:00:06] White threatens
Rd8 and mate.} f6 22. Rd8 Qf7 23. Qxf7+ Kxf7 24. Red3 e5 {[%emt 0:00:00] [#]} 25. Rxf8+ $1 Kxf8 {[%emt 0:00:01] Endgame KRB-KRN} 26. Rd8+ Ke7 27. Rh8 b6 28. Rxh7 Bf5 (28... Kf7 $16) 29. Rxg7+ $18 Ke6 30. h4 Bxc2 31. Nb5 {[%emt 0:
00:33] Hoping for Nc7+.} Rh8 32. Rxa7 Rxh4 33. Rb7 Rb4 34. Rxb6+ Ke7 {[%emt 0:00:00] [#]} (34... Kd7 {keeps fighting.}) 35. Nc3
$1 Rd4 (35... Rxb6 36. Nd5+) 36. Rc6 Bf5 $2 (36... f5 {was called for.} 37. b4 Be4
38. Rc7+ Kd8) 37. a4 {[%emt 0:00:00] White is clearly winning.} Bd7 {[%emt 0:
00:27] [#]} 38. Ra6 Be6 39. Rb6 {[%emt 0:00:
26] Prevents Rb4.} f5 40. a5 Rd8 (40... Rd6 $142 41. Rb7+ Kf6) 41. a6 Ra8 42. Nb5 {[%emt 0:03:41][%cal Yb6e6] Black must now prevent Rxe6+!} Bc8 43. a7 {[%emt 0:00:00] Strongly threatening Rb8.} Bd7 44. Rb8 Bc6 45. Rxa8 Bxa8 46. Nc7 Bb7 47. a8=Q Bxa8 48. Nxa8 Kd6 {[%emt 0:
00:26] Weighted Error Value: White=0.06 (flawless) /Black=0.35} 1-0

[Event "44th Chess Olympiad Women 2022"]
[Site "Chennai"]
[Date "2022.08.06"]
[Round "8.3"]
[White "Pratyusha, Bodda"]
[Black "Malicka, Maria"]
[Result "0-1"]
[WhiteElo "2310"]
[BlackElo "2393"]
[Annotator "TA"]
[PlyCount "94"]
[EventDate "2022.??.??"]
[TimeControl "60"]

1. d4 Nf6 2. c4 g6 3. Nc3 d5 4. cxd5 Nxd5 5. e4 Nxc3 6. bxc3 Bg7 7. Nf3 c5 8. Be3 Qa5 9. Qd2 Nc6 10. Rb1 a6 11. Rc1 cxd4 12. cxd4 Qxd2+ 13. Kxd2 e6 14. Bc4 {[%emt 0:06:56] D85: Exchange
Grünfeld: Unusual White 7th moves and lines with 7 Nf3.} O-O 15. Rhd1 Bd7 16. Ke1 {[%emt 0:06:25] The
position is equal.} Na5 {[%emt 0:10:39] [#]} 17. Bd3 $146 ({
Predecessor:} 17. Bb3 Rfc8 18. Ne5 Bb5 19. Bf4 Bf8 20. Rxc8 Rxc8 21. Rc1 Bb4+
22. Kd1 Rd8 23. Be3 Nxb3 24. axb3 {½-½ (46) Kristoferitsch,D (2325)-Ragger,M
(2685) Innsbruck 2021}) 17... Rac8 {[%emt 0:01:21] Prevents Rc7.} 18. Rxc8 Rxc8 19. Rc1 Rxc1+ 20. Bxc1 Nc6 21. Be3 b5 22. h4 f5 23. e5 (23. Bb1 $11) 23... Nb4 $17 24.
Bb1 Bf8 25. Kd1 {[%emt 0:06:10] [#]} ({
Better is} 25. a3 $15 Nd5 26. Bc1) 25... Bc6 $1 26. Bc1 (26. Ne1 $17 {was called for.}) 26... Bd5 $19 27. a3 Nc6 28. Bb2 Be7 29. Ke2 {[%emt 0:01:56] [#]} Na5 $1 30. Bd3 h6 (30... Nc4 $19 {and Black stays clearly on
top.} 31. Bxc4 bxc4) 31. g3 $17 Nc4 32. Bxc4 Bxc4+ {[%emt 0:00:01] Endgame KBB-KBN} 33. Ke3 Kf7 34. Ne1 Ke8 35. Nc2 Kd7 {[%emt 0:04:53] Black is more active.} 36. Kd2 ({White should play} 36. Bc3) 36... Kc6 ({Black should
try} 36... a5 $17 37. Bc3 Bd8) 37. Bc3 (37. Kc3 $15) 37... Bd8 38. Bb4 Kd5 {[%emt 0:00:32] White must now
prevent ...Bb3.} 39. Bc5 Ke4 40. Ne3 $2 {
[%emt 0:06:31] Now White is beyond hope.} (40. Nb4 $17) 40... Ba5+ $19 41. Kc2 Be1 {[%emt 0:06:16] This bishop pair
is nice.} 42. Nd1 Kf3 43. Bb6 Bd5 {[%emt 0:01:17] Black is clearly winning.} 44. Ne3 (44.
Bc5 $142 Bxf2 45. Nxf2 Kxf2 46. Bb4) 44... Be4+ 45. Kd1 Bxf2 46. Nf1 Bd5 47. Bc5 Kg2 {[%emt 0:00:32] Weighted Error Value:
White=0.44/Black=0.07 (flawless)} 0-1

[Event "44th Chess Olympiad Women 2022"]
[Site "Chennai"]
[Date "2022.08.06"]
[Round "8.3"]
[White "Rudzinska, Michalina"]
[Black "Vishwa Vasnawala"]
[Result "1/2-1/2"]
[WhiteElo "2315"]
[BlackElo "2305"]
[Annotator "RC"]
[PlyCount "106"]
[EventDate "2022.??.??"]
[TimeControl "60"]

1. e4 e5 2. Nf3 Nc6 3. d4 exd4 4. Nxd4 Bc5 5. Nb3 Bb6 6.
Nc3 Nf6 7. Qe2 d6 8. Bg5 h6 9. Bh4 Be6 10. O-O-O Qe7 11. Nd5 Bxd5 12. exd5 Qxe2 13. Bxe2 Ne5 14. Bxf6 gxf6 15. Nd4 Rg8 16. f4 Ng4 17. Bxg4 Rxg4 18. Rhe1+ Kf8 19. g3 Bxd4 20. Rxd4 f5 21. Re3 f6 22. Re6 Re8 23. Rxe8+ Kxe8 24. Ra4 a6 25. Rb4 b6 26. Ra4 a5 27. b4 h5 28. bxa5 bxa5 29. Rxa5 h4 30. Ra3 hxg3 31. hxg3 Kd7 32. Re3 c6 33. Re6 Rg6 34. c4 Rxg3 35. Rxf6 Rc3+ 36. Kb2 Rxc4 37. Rf7+ Ke8 38. Rxf5 cxd5 39. Rxd5 Rxf4 40. Rxd6 Ke7 41.
Rd3 Rf6 42. a4 Rd6 43. Rc3 Kd7 44. Ka3 Rc6 45. Rb3 Rc5 46. Kb4 Kc6 47. Rh3 Rg5 48. Rh6+ Kb7 49. Rh7+ Ka6 50. Rc7 Rg4+ 51. Rc4 Rxc4+ 52. Kxc4 Ka5 53. Kc5 Kxa4 1/2-1/2

[Event "44th Chess Olympiad Women 2022"]
[Site "Chennai"]
[Date "2022.08.06"]
[Round "8.4"]
[White "Balajayeva, Khanim"]
[Black "Sandu, Mihaela"]
[Result "1-0"]
[WhiteElo "2344"]
[BlackElo "2297"]
[Annotator "RC"]
[PlyCount "53"]
[EventDate "2022.??.??"]
[TimeControl "60"]

1. e4 e5 2. Nf3 Nc6 3. Bb5 a6 4. Bxc6 dxc6 5. O-O Qe7 6.
d4 exd4 7. Nxd4 Bd7 8. Nc3 O-O-O 9. Qe2 g6 10. Be3 Bg7 11.
Nb3 f5 12. exf5 Bxf5 13. Rfe1 Nh6 14. h3 Nf7 15. Nc5 Nd6 16.
N3a4 Qh4 17. Rad1 Rhe8 18. b3 Nb5 19. Rxd8+ Qxd8 20. Rd1 Qe7 21. g4 Nd4 22. Qc4 Nf3+ 23. Kf1 b5 24. Qf4 bxa4 25. Qxa4 Nd4 26. Qxa6+ Kd8 27. Bxd4 1-0

[Event "44th Chess Olympiad Women 2022"]
[Site "Chennai"]
[Date "2022.08.06"]
[Round "8.4"]
[White "Bulmaga, Irina"]
[Black "Mammadzada, Gunay"]
[Result "1-0"]
[WhiteElo "2394"]
[BlackElo "2455"]
[Annotator "TA"]
[PlyCount "97"]
[EventDate "2022.??.??"]
[TimeControl "60"]

1.
e4 c5 2. Nf3 d6 3. d4 cxd4 4. Nxd4 Nf6 5. Nc3 a6 6. Bg5 e6 7. f4 Nbd7 8. Qe2 Qc7 9. O-O-O b5 10. a3 {[%emt 0:05:06] B96: Sicilian Najdorf: 6 Bg5 e6 7 f4, lines other
than 7...Qb6 and 7...Be7.} Be7 {[%emt 0:05:58] now scores much better than the
old 10...Bb7.} 11. g4 Rb8 12. Bg2 {[%emt 0:
00:00] White is slightly better.} h6 13. Bxf6 (13. Bh4 $11) 13... Bxf6 $15 14. h4 b4 15. axb4 Rxb4 16.
e5 $1 dxe5 17. Nc6 Rxf4 18. Ne4 O-O 19. g5 ({White should play} 19. Rh3 $1 $15) 19... Bb7 $1 $17 {[%emt 0:01:32] 
[#]} 20. Rxd7 $146 {[%emt 0:05:07] Remove Defender, Decoy} ({Predecessor:} 20.
Nb4 Bxe4 21. Bxe4 Nc5 22. gxf6 Nxe4 23. Nd3 Qa5 24. c3 Rc8 25. Qg2 Qa1+ 26. Kc2
Qa4+ 27. Kb1 Rxf6 28. Rhg1 Rg6 29. Qh2 Qb3 {0-1 (29) Shahil,D (2148)-Raja,H 
(2482) Roquetas de Mar 2020}) 20... Qxd7 21. Nc5 {[%emt 0:00:
48] [#]} Qc7 22. Nxb7 Qxb7 (
22... hxg5 $17 23. Nc5 (23. hxg5 $2 Bxg5 24. Kb1 Qxb7 $19) 23... Rxh4) 23. gxf6
$11 Rxf6 24. Nxe5 Qa7 {
[%emt 0:01:35] Hoping for ...Rf2.} 25. Be4 Rf2 26. Qd3 (26. Qe1 $1 $11) 26... Rc8 (26...
Qc5 $1 $17 27. Ng4 (27. Nd7 Qa5 $17) 27... Rf4) 27. Nc6 {
[%emt 0:00:34] White has compensation.} Qc7 $1 28. Qe3 Rf6 {[%emt 0:00:17] [#]} ({Don't play} 28... Qf4 29. Qxf4 Rxf4
30. Ne7+ Kf8 31. Nxc8 $16) 29. Ne5 $1 Rb8 {
[%emt 0:06:10] [#]} (29... Qxe5 $2 30. Bh7+ $1 Kxh7 31. Qxe5 $18) (29... a5 $11
) (29... g6 30. Bd3) 30. Rg1 g6 (30... Qxe5
$2 {[#]} 31. Bh7+ $1 Kxh7 32. Qxe5 $18) 31. Bd3 $36 {[%emt 0:02:34] White has
some pressure. Really sharp!} Qb7 $2 (31... h5 $1 $11) 32. Qd4
$18 {[%emt 0:00:28] Strongly threatening Nd7.} Qb4 33. Nc4 $2 (33. c4 $18 {[%cal Re5g6] Threatens to win with Nxg6!} Qb6 34.
Qxb6 Rxb6 35. Nd7) 33... e5 $14 34. Qxe5 Re6 35. Qg3 Rbe8 ({Black should
try} 35... Rc8 $14) 36. c3 $16 Qc5 37. Kc2 Qd5 38. Qf4 {[%emt 0:00:39] Black
must now prevent Nd2.} Rd8 39. Rd1 {[%emt 0:00:29] Active
counter play!} Qh5 (39... Kg7 $14) 40. Rd2 (
40. Rf1 $18 Re7 41. Nd2) 40... Re1 $2 (40... a5 $16 {might
work better.} 41. b3 Kg7) 41. Nd6 Rf8 (41... Re7 42. Bxa6 Qe5 43. Qxe5 Rxe5) 42. Ne4 $18 {
[%emt 0:03:53] White threatens Nf6+ and mate.} Qa5 {[%emt 0:00:00] ( -> ...
Qa4+)} 43. Nf6+ Kg7 44. Ng4 Qb6 45. Qxh6+ ({Not} 45. Re2 Rxe2+ 46. Bxe2
h5 $16) 45... Kg8 46. Rf2 {[%emt 0:04:00] Threatening mate
with Nf6+.} Re6 {[%emt 0:00:09] Inhibits Nf6+.} 47. Bc4 Rb8 48. b3 Qa5 49. Kb2 {[%emt 0:
01:02] Weighted Error Value: White=0.60/Black=0.78} (49. Bxe6 $142 Qa2+ 50. Kd3
Qb1+ 51. Ke2 Qe4+ 52. Kd2 Qxe6 53. Nf6+ Qxf6 54. Rxf6) 1-0

[Event "44th Chess Olympiad Women 2022"]
[Site "Chennai"]
[Date "2022.08.06"]
[Round "8.4"]
[White "Cosma, Elena-Luminita"]
[Black "Mammadova, Gulnar"]
[Result "0-1"]
[WhiteElo "2248"]
[BlackElo "2380"]
[Annotator "TA"]
[PlyCount "126"]
[EventDate "2022.??.??"]
[TimeControl "60"]

1. Nf3 d5 2. e3 Nf6 3. c4 e6 4. b3 c5 5. Bb2 Nc6 6. cxd5 exd5 7. Bb5 Bd6 8. O-O O-O {[%emt 0:04:48] A13: English Opening: 1...e6.}
9. h3 Ne4 {[%emt 0:05:12] [#]} 10. d3 $146 (
10. Nc3 $5 ) ({Predecessor:} 10. d4 cxd4 11. Nxd4 Ne5 12. Nd2 a6
13. Be2 Bd7 14. N2f3 Qe7 15. Rc1 Rad8 16. Rc2 {1-0 (32) Kashlinskaya,A (2494)
-Coleman,T (2333) Chess.com INT 2020}) 10... Ng5 {[%emt 0:01:46] The position
is equal.} 11. Nbd2 Bd7 12. Bxc6 Bxc6 13. Nxg5 Qxg5 14.
d4 Qg6 (14... c4 $5) 15. dxc5 Bxc5 16. Bd4 Bd6 17. Qg4 Qxg4 18. hxg4 f6 19. Rfd1 Rfc8 20. f3 a5 21. Nb1 b5 22. Nc3 Kf7 23. Ne2 Bb7 24. Rac1 a4 25.
Rxc8 Rxc8 26. bxa4 bxa4 27. Rb1 Bc6 28. Nc3 Rb8 29. Rxb8 Bxb8 $11 {[%emt 0:00:02]
Endgame KBB-KBN} 30. Kf2 Bd6 31. Ke2 Ke6 32. g5 (32. Kd3 $11)
32... fxg5 $17 33. Bxg7 h5 34. Bd4 h4 35. Kd2 Bb4 36. Ke2 Be8 37. Kf2 Bd6 38. Ke2 a3 39.
Kd2 Bb4 40. Ke2 Bg6 41. Bg7 Bc5 42. Kd2 Bh5 43. Ne2 Kf7 44. Bd4 Bd6 45. Ng1 {
[%emt 0:00:00] [#]} (45. Ke1 $1 $15) 45... g4 ({Better is} 
45... Bg6 $1 $19 {[%cal Rg6b1] Hoping for ...Bb1.} 46. Ne2 g4 47. fxg4 Be4) 46.
fxg4 $15 Bxg4 47. Nh3 (47.
Ke1 $15) 47... Bf5 $17 {[%emt 0:01:42] Strongly threatening ...Bb1.} 48. Kc3 $2
{[%emt 0:00:53] This costs White the game.} (48. e4 $17 dxe4 49. Ke3) 48... Bb1
$19 49. Kb3 Bd3 {[%emt 0:00:10] White must
now prevent ...Be7.} 50. Ng5+ {[%emt 0:00:45] [#]} Ke8 $1 51.
Nf3 (51. Bf6 {was worth a try.}) 51... Bc4+ 52. Kc2 Be7 {[%emt 0:02:15] Threatens to win with ...Bf1.
This bishop pair is nice.} ({Not} 52... Bxa2 53. Nxh4 Kf7 54. g4 $11) 53. Bc3 Be2 {[%emt 0:04:23] ...Bxf3 is the strong threat.} ({Worse is} 
53... Bxa2 54. Be1 $17) 54. Ne1 (54. Nd2 $142) 54... Bf1 55. Kb3 (55. Be5 $142) 55... Bxg2 ({Wrong is} 55... Bc4+ $2 56. Kc2 $19) 56. Nxg2 (56. Nd3
$142) 56... h3 57. Be5 hxg2
{[%emt 0:00:07] KB-KB. Black mates.} 58. Bh2 Bc5 59. Bg1 Kd7 60. Kc3 Ke6 61. Kd3 Kf5 62. Bh2 Kg4 63. e4 Kh3 {[%emt 0:00:
00] Weighted Error Value: White=0.36/Black=0.08 (flawless)} 0-1

[Event "44th Chess Olympiad Women 2022"]
[Site "Chennai"]
[Date "2022.08.06"]
[Round "8.4"]
[White "Fataliyeva, Ulviyya"]
[Black "Lehaci, Miruna-Daria"]
[Result "0-1"]
[WhiteElo "2372"]
[BlackElo "2193"]
[Annotator "TA"]
[PlyCount "124"]
[EventDate "2022.??.??"]
[TimeControl "60"]

1. Nf3 d5 2. d4 e6 3. c4 a6 4. cxd5 exd5 5. Nc3 c6 6. Qb3 {[%emt 0:00:
00] D31: Queen's Gambit Declined: Semi-Slav without ...Nf6 (+ Marshall Gambit
and Noteboom) and Exchange Variation lines without ...Nf6.} Nf6 {[%emt 0:00:14]
Prevents e4.} 7. Bg5 Be7 8. e3 {
[%emt 0:00:04] The position is equal.} h6 9. Bh4 Nbd7 10. Bd3 O-O 11.
O-O Re8 {[%emt 0:01:06] [#]} 12. Rfc1 $146 ({
Predecessor:} 12. h3 Ne4 13. Bxe7 Qxe7 14. Bxe4 dxe4 15. Nd2 Nf6 16. Qa3 Qd8
17. Nc4 Be6 18. Nd6 {1-0 (48) Makhnev,D (2505)-Warmerdam,M (2607) Chess.com
INT 2022}) 12... Ne4 13. Bxe7 ({But not} 13.
Nxe4 $2 dxe4 14. Bc4 (14. Bxe7 $2 Qxe7 15. Bxe4 Qxe4 $19) 14... exf3 $19) 13...
Qxe7 14. Bxe4 dxe4 15. Nd2 Nf6 16. Qa3 Qd8 17. Nc4 Bg4 18.
Qb4 Re7 19. a4 a5 20. Qc5 Re6 21. Ne5 Bh5 (21... b6 $11 22. Qc4 c5) 22. Ra3 (22. h3
$14) 22... b6 $11 23. Qc4 Ng4 24. Nxe4 (24. Nxg4 {is interesting.} Bxg4 25. h3 Bf5 26. Ne2
) 24... Nxe5 25. dxe5 Rxe5 26. Qxc6 Rd5 {[%emt 0:03:19]
Against Nd6. ( -> ...Rd1+)} 27. Raa1 (27. h3 $14 {should be
considered.}) 27... Bg4 {[%emt 0:05:23] ...Rc8 is the strong threat.} 28. Nc3 Rd2 29. Qe4 Bh5 30. Qe5 $36 {[%emt 0:00:20] Black is under pressure.} Bg4 (30... Qg5 $14 31. Qxg5 hxg5) 31. h3 $16 Be6 32. Rd1 $1 Bb3 33. Rxd2 Qxd2 34. Ne4 Qc2 35. Nd6 f6 36. Qd4 Qc7 37. Nb5 Qc6 38. e4 (38.
Ra3 $16 Qc1+ 39. Kh2) 38... Re8 $14 39. Re1 Kh8 {[%emt 0:00:37] [#]} ({Better is} 39... Re7 $14) 40. Re3 $1 $16 Bg8 41. f3 {[%emt 0:00:00] Strongly threatening Rc3.}
Qc1+ 42. Kf2 Rc8 (42... Bc4
$2 43. Nd6 Qf1+ 44. Kg3 $18) 43. Na3 {[%emt 0:00:00] Prevents Rc4.} (43. Re2
$16) 43... Rc6 $14 44. Re1 Qf4 45. Qe3 (45. g3 $5 Rd6 46. gxf4 Rxd4 47.
e5 $14) 45... Qd6 46. Re2 Qb4 (46... Qd1 {seems wilder.} 47. Rd2 Qxa4 48. Rd4 Qb3) 47. Nb5 Qxa4 48. Nd4 Rc7 49. e5 fxe5 50. Qxe5 Rc5 51. Qf4 Rd5 52. Re4 Qd7 53. Qe3 b5 54. Ne2 b4 55. Re7 Qd6 56. Re8 a4 {[%emt 0:00:00] aiming for ...Rd2.} 57. Rc8 $2 (57. Qe4 $11) 57... Re5 $19 ({And not} 57...
Rd2 58. Ra8 $17) 58. Qc1 {[%emt 0:00:49] [#]} (58. Rc6 Qxc6 59. Qxe5) 58...
Qb6+ $1 {[%emt 0:01:28] Black is clearly winning.} 59. Kf1 Qa6 60. Rc2 b3 61. Rd2 {[%emt 0:
00:18] [#]} Rxe2 $1 62. Rxe2 Bc4 {[%emt 0:00:
03] Weighted Error Value: White=0.37/Black=0.09 (flawless)} 0-1

[Event "44th Chess Olympiad Women 2022"]
[Site "Chennai"]
[Date "2022.08.06"]
[Round "8.5"]
[White "Abdumalik, Zhansaya"]
[Black "Borosova, Zuzana"]
[Result "1-0"]
[WhiteElo "2495"]
[BlackElo "2277"]
[Annotator "TA"]
[PlyCount "63"]
[EventDate "2022.??.??"]
[TimeControl "60"]

1. e4 e5 2. Nf3 Nc6 3. d4 exd4 4. Nxd4 Nf6 5. Nxc6 bxc6 6. e5 Qe7 7. Qe2 Nd5 8. c4 Nb6 9. Nc3 Ba6 {[%emt 0:00:
00] C45: Scotch Game.} 10. b3 Qe6 (10...
O-O-O $1 $11) 11. Bb2 $14 Bb4 {[%emt 0:00:59] White is
slightly better.} 12. O-O-O O-O-O {[%emt 0:16:06] [#]} (12...
O-O $1 $14) 13. a3 $146 ({Predecessor:} 13. f4 Rhe8 14. Qf2
Bb7 15. Bd3 d5 16. exd6 cxd6 17. Bxh7 Bc5 18. Qc2 Kb8 19. Kb1 {1-0 (43)
Kratochvil,J (2285)-Jires,J (2052) Czech Republic 2018}) 13... Be7 14. h4 Rhe8 15. Rh3 f6 16. f4 fxe5 17. fxe5 g5 (17... Kb8 $11) 18. hxg5 ({Better is} 18. Ne4 $14) 18... Qg6 19. Qc2 Bxg5+ 20. Kb1 $1 {[%emt 0:00:04] [#] Hoping
for Bd3.} Qxc2+ 21. Kxc2 {[%emt 0:04:23] Black must now
prevent Ne4.} Rxe5 22. Rxh7 Rf8 23. a4 d5 24. a5 $1 Nd7 25. Na4 (25.
g3 $5 ) 25... Re7 $132 {[%emt 0:01:03] Black is fighting back}
26. Rh5 Rf2+ 27. Kb1 Be3 ({Black should play} 27... Ref7 $11 28. Rxg5 Rxf1 29. Rxf1
Rxf1+ 30. Bc1 dxc4) 28. Rh8+ Kb7 29. g3 {
[%emt 0:00:48] [#] aiming for Bh3.} dxc4 30. bxc4 {[%emt 0:01:
08] Bh3 is the strong threat. Really sharp!} Ne5 $2 (30...
Rxf1 $14 31. Rxf1 Bxc4) 31. Bh3 {[%emt 0:00:39] White threatens Bc8+ and mate.}
Nf7 (31... Rh2 $18 32. Bc8+ Kb8) 32. Bc8+ {[%emt 0:00:12]
Weighted Error Value: White=0.16 (very precise) / Black=0.70} 1-0

[Event "44th Chess Olympiad Women 2022"]
[Site "Chennai"]
[Date "2022.08.06"]
[Round "8.5"]
[White "Balabayeva, Xeniya"]
[Black "Hagarova, Zuzana"]
[Result "1/2-1/2"]
[WhiteElo "2198"]
[BlackElo "2293"]
[Annotator "NA RC"]
[PlyCount "84"]
[EventDate "2022.??.??"]
[TimeControl "60"]

1. e4 c5 2. Nf3 d6 3. Bb5+ Nc6 4. O-O Bd7 5. Re1 Nf6 6. c3 a6 7. Bc4 Bg4 8. h3 Bxf3 9. Qxf3 e6 10. d3 Be7 11. Bf4 O-O 12. Nd2 Ne5 13.
Bxe5 dxe5 14. a4 b6 15. Qe2 Qd7 16. Nf3 b5 17. Bb3 Qc7 18.
Bc2 Nd7 19. Rec1 Rfd8 20. h4 h6 21. g3 Rab8 22. a5 Rbc8 23. c4 bxc4 24. dxc4 Rb8 25. Ba4 Nf6 26. Qc2 Rb4 27. b3 Rbb8 28. Re1 Ng4 29. Qc3 g6 30. Kg2 h5 31. Rad1 Bf6 32. Ng5 Rxd1 33. Rxd1 Rd8 34. Rd2 Be7 35. Nf3 Nf6 36. Rxd8+ Bxd8 37. Qxe5 Qxa5 38. Qf4 Ng4 39. Be8 Qc7 40. Qxc7 Bxc7 41. Kf1 Kf8 42. Bc6 Ne5 1/2-1/2

[Event "44th Chess Olympiad Women 2022"]
[Site "Chennai"]
[Date "2022.08.06"]
[Round "8.5"]
[White "Mrvova, Alena"]
[Black "Nakhbayeva, Guliskhan"]
[Result "0-1"]
[WhiteElo "2165"]
[BlackElo "2329"]
[Annotator "RC"]
[PlyCount "102"]
[EventDate "2022.??.??"]
[TimeControl "60"]

1. e4 c5 2. Nf3 e6 3. d3 d5 4. Nbd2 Nc6 5. g3 g6 6. Bg2 Bg7 7. O-O Nge7 8. Re1 O-O 9. c3 e5 10. exd5 Nxd5 11. Nc4 Re8 12. Ng5 Rf8 13. Ne4 Qe7 14. Ned6 Be6 15. f4 Rad8 16. fxe5 Nxe5 17. Nxb7 Qxb7 18. Nxe5 Qc7 19. Ng4 h5 20. Nf2 h4 21. Qf3 hxg3 22. hxg3 Be5 23. Ne4 f5 24. Ng5 Bc8 25. Bd2 Bxg3 26. Ne6 Bxe6 27. Rxe6 Kf7 28. Ra6 Rfe8 29. Bg5 Rd7 30. Bh3 Bh2+ 31. Kf2 Bf4 32. Bxf5 Re3 33. Rf6+ Nxf6 34. Qxf4 gxf5 35. Qxc7 Ng4+ 36. Kf1 Rxc7 37. Bxe3 Nxe3+ 38.
Ke2 Ng4 39. Rd1 Kf6 40. d4 Re7+ 41. Kf3 Re3+ 42. Kf4 Re4+ 43. Kf3 cxd4 44. cxd4 Re3+ 45. Kf4 Re2 46. Rd3 Rxb2 47. Ra3 Rf2+ 48. Kg3 Kg5 49. Ra5 Rd2 50. d5 f4+ 51. Kf3 Kf5 0-1

[Event "44th Chess Olympiad Women 2022"]
[Site "Chennai"]
[Date "2022.08.06"]
[Round "8.5"]
[White "Repkova, Eva"]
[Black "Assaubayeva, Bibisara"]
[Result "0-1"]
[WhiteElo "2303"]
[BlackElo "2436"]
[Annotator "TA"]
[PlyCount "60"]
[EventDate "2022.??.??"]
[TimeControl "60"]

1. e4 c5 2. Nf3 d6 3. d4 cxd4 4. Nxd4 Nf6 5. Nc3 a6 6. Be2 e5 7. Nf3 h6 8. O-O Be6 9. Be3 {[%emt 0:00:32] B92: Sicilian
Najdorf: 6 Be2.} Nbd7 10. a4 Rc8 11. Nd2 {[%emt 0:13:45] The position is equal.} Be7 12. Re1 O-O {[%emt 0:02:15] [#]} 13. Nf1 $146 {
[%emt 0:01:44] [#]} ({Predecessor:} 13. Bf3 Nh7 14. a5 Ng5 15. Bg4 Bxg4 16.
Qxg4 Nf6 17. Qe2 Re8 18. Bxg5 hxg5 19. Nc4 {1-0 (40) Basson,H (1750)-Ficken,N 
(1724) IECG email 2006}) 13... Rxc3 $1 14. bxc3 Nxe4 15. Bf3 d5 16. Bxe4 dxe4 17. Qh5 Kh7 18. a5 (18. Bc1 $142) 18... f5 19. Ra4 (19. Bc1 $17) 19...
Qc7 20. Rb1 $2 (20. Qe2) 20... Qxc3 21. Qd1 Qc6 22. c3 Rf6 23. h4 $2 (23.
Ba7 {keeps fighting.}) 23... f4 $19 24. Bb6 Rg6 25. h5 Rg5 26. Nd2 Nf6 {[%emt 0:05:22] [#] ...Bh3 is the strong threat.} 27. f3 Bh3 {[%emt 0:06:01] This bishop pair is nice.} 28. Kh2 Rxg2+ {[%emt 0:00:27] Black mates.} 29. Kxh3 Rg3+ 30. Kh2 Qe8 {[%emt 0:00:00] Weighted
Error Value: White=1.02/Black=0.06 (flawless)} 0-1